 Dungeon Crawl Stone Soup version 0.31-a0-986-g5e6e4ef867 (webtiles) character file.

Game seed: 6766260779236870069

2041 Naiya55 the Cleaver (level 9, -6/74 HPs)
             Began as a Formicid Fighter on Nov 3, 2023.
             Mangled by a two-headed ogre
             ... wielding a +0 giant spiked club
              (13 damage)
             ... on level 5 of the Dungeon.
             The game lasted 00:10:19 (5306 turns).

Naiya55 the Cleaver (Formicid Fighter)              Turns: 5306, Time: 00:10:20

Health: -6/74      AC:  9    Str: 32    XL:     9   Next: 48%
Magic:  9/9        EV: 10    Int:  7    God:
Gold:   319        SH:  5    Dex: 13    Spells: 8/8 levels left

rFire   . . .        a - +0 war axe
rCold   . . .        c - +0 buckler
rNeg    . . .        b - +0 scale mail
rPois   .            (helmet unavailable)
rElec   .            v - +0 cloak
rCorr   .            (no gloves)
SInv    +            y - +0 pair of boots
Will    .....        (no amulet) Stlth
                     z - +6 ring of strength
HPRegen 0.32/turn    (no ring)
MPRegen 0.11/turn

%: no passive effects
@: no status effects
A: permanent stasis, dig shafts and tunnels, antennae 3, four strong arms
a: Dig, Shaft Self


You were on level 5 of the Dungeon.
You visited 1 branch of the dungeon, and saw 6 of its levels.

You collected 319 gold pieces.

Inventory:

Hand Weapons
 a - a +0 war axe (weapon)
 E - a +5 morningstar of freezing
Missiles
 q - 2 throwing nets
Armour
 b - a +0 scale mail (worn)
 c - a +0 buckler (worn)
 v - a +0 cloak (worn)
 y - a +0 pair of boots (worn)
 B - a +0 kite shield
Jewellery
 z - a +6 ring of strength (left hand)
Wands
 t - a wand of charming (4)
Scrolls
 e - a scroll of fear {unknown}
 g - 2 scrolls of teleportation {unknown}
 h - 3 scrolls of amnesia {unknown}
 i - 3 scrolls of noise {unknown}
 j - 2 scrolls of poison {unknown}
 k - 2 scrolls of blinking {unknown}
 l - a scroll of enchant weapon {unknown}
 m - 2 scrolls of fog {unknown}
 n - 2 scrolls of identify {unknown}
 o - 2 scrolls of brand weapon {unknown}
 p - 3 scrolls of enchant armour {unknown}
 A - a scroll of torment {unknown}
 C - a scroll of immolation {unknown}
Potions
 d - 3 potions of might
 f - a potion of degeneration {unknown}
 r - a potion of heal wounds {unknown}
 s - a potion of berserk rage {unknown}
 u - 3 potions of lignification {unknown}
 x - a potion of mutation {unknown}
 D - a potion of enlightenment {unknown}


   Skills:
 + Level 8.3 Fighting
 * Level 9.9 Axes
 - Level 3.2 Armour
 - Level 4.0 Shields


You had 8 spell levels left.
You didn't know any spells.
Your spell library contained the following spells:

 Spells                   Type           Power      Damage    Failure   Level
 Magic Dart               Conj           0%         1d3       71%         1
 Sting                    Tmut/Pois      0%         1d3       71%         1
 Call Imp                 Summ           0%         N/A       85%         2
 Mephitic Cloud           Conj/Pois/Air  0%         N/A       97%         3
 Ozocubu's Armour         Ice            0%         N/A       97%         3
 Stone Arrow              Conj/Erth      0%         3d7       97%         3
 Animate Armour           Summ/Erth      0%         N/A       100%        4
 Iskenderun's Mystic Bla  Conj/Tloc      0%         2d3       100%        4
 Arcjolt                  Conj/Air       0%         1d10      100%        5
 Metabolic Englaciation   Hex/Ice        0%         N/A       100%        5
 Simulacrum               Ice/Necr       0%         N/A       100%        6
 Starburst                Conj/Fire      0%         6d3       100%        6
 Lehudib's Crystal Spear  Conj/Erth      0%         10d2      100%        8
 Maxwell's Capacitive Co  Air            0%         ∞         100%        8
 Vhi's Electric Charge    Tloc/Air       Unusable   N/A       N/A         4

Dungeon Overview and Level Annotations

Branches:
Dungeon (6/15)
 Temple: D:4-7

Altars:
Dithmenos
Elyvilon
Gozag
Xom
Yredelemnul
The Shining One

Shops:
D:3 [   D:5 :


Innate Abilities, Weirdness & Mutations

You cannot be hasted, slowed, berserked, paralysed or teleported.
You can dig through walls and to a lower floor.
You have a pair of large antennae on your head. (SInv)
Your four strong arms can wield two-handed weapons with a shield.


Message History

Things that are here:
a +0 dagger; a curare-tipped dart; a kobold corpse
There is a stone staircase leading down here.
You climb downwards.
There is a stone staircase leading up here.
Found a short sword.
There is a stone staircase leading up, spattered with blood here.
You hit the two-headed ogre.
The two-headed ogre is lightly wounded.
The two-headed ogre hits you with a +0 giant spiked club!!
The two-headed ogre hits you with a +0 giant club!
You slash the two-headed ogre!
The two-headed ogre is moderately wounded.
You barely miss the two-headed ogre.
The two-headed ogre is moderately wounded.
The two-headed ogre hits you with a +0 giant spiked club!
The two-headed ogre barely misses you.
You hit the two-headed ogre but do no damage.
The two-headed ogre is moderately wounded.
The two-headed ogre hits you with a +0 giant spiked club.
* * * LOW HITPOINT WARNING * * *
The two-headed ogre hits you with a +0 giant club!
* * * LOW HITPOINT WARNING * * *
Okay, then.
Okay, then.
Aiming: Charm
Press: ? - help, Shift-Dir - straight line, f - two-headed ogre
Aim: a two-headed ogre, wielding a +0 giant spiked club and a +0 giant club (moderately wounded, chance to affect: 31%)
The two-headed ogre is charmed.
There is a stone staircase leading up, spattered with blood here.
You climb upwards.
There is a stone staircase leading down, spattered with blood here.
You start resting.
The two-headed ogre is no longer charmed.
The two-headed ogre closely misses you.
The two-headed ogre hits you with a +0 giant club!
* * * LOW HITPOINT WARNING * * *
The two-headed ogre attacks as it pursues you!
The two-headed ogre hits you with a +0 giant spiked club!
You die...

#.'...........#.#
##+#...........#'#####
#...........#........#
#...........#........#
#...........#........#
#...........########.#
#......[....########.##
#.[...O>[).........#...
#.....@[...............
#...<..................
#......................
#......................
#####......................
#............#######'####..
#.##########.#######.######
#.# #.......#.....#.##....
#.# #.#######.....#..+....


You could see a two-headed ogre.

Vanquished Creatures
  A kobold demonologist (D:5)
  A steam dragon (D:5)
  A black bear (D:4)
  5 ogres
  A kobold brigand (D:5)
  3 scorpions
  6 wights
  4 hounds
  2 gnoll boudas (D:5)
  2 jellies
  An orc priest (D:4)
  Crazy Yiuf (D:3)
  Jessica (D:2)
  2 orc wizards (D:4)
  6 adders
  6 gnolls (D:5)
  A white imp (D:5)
  2 ufetubi (D:4)
  3 worms
  13 orcs
  8 ball pythons
  7 endoplasms
  3 giant cockroaches
  8 goblins
  5 hobgoblins
  8 jackals
  5 quokkas
  6 bats
  3 frilled lizards
  4 kobolds
  11 rats
130 creatures vanquished.

Vanquished Creatures (others)
  An adder (D:6)
1 creature vanquished.

Grand Total: 131 creatures vanquished

Notes
Turn   | Place    | Note
-------+----------+-------------------------------------------
     0 | D:1      | Naiya55 the Formicid Fighter began the quest for the Orb.
     0 | D:1      | Reached XP level 1. HP: 18/18 MP: 1/1
    67 | D:1      | Reached XP level 2. HP: 19/24 MP: 2/2
   390 | D:1      | Reached XP level 3. HP: 24/30 MP: 3/3
   495 | D:1      | Reached skill level 3 in Axes
   962 | D:2      | Reached XP level 4. HP: 36/37 MP: 4/4
  1091 | D:2      | Noticed Jessica
  1100 | D:2      | Killed Jessica
  1137 | D:2      | Found a faded altar of an unknown god.
  1520 | D:3      | Found a shadowy altar of Dithmenos.
  1605 | D:3      | Found Xitaip's Antique Armour Shop.
  1674 | D:3      | Reached skill level 4 in Axes
  1674 | D:3      | Reached XP level 5. HP: 43/43 MP: 5/5
  1802 | D:3      | Found an opulent altar of Gozag.
  1978 | D:3      | Found a white marble altar of Elyvilon.
  2239 | D:3      | Found a runed translucent door.
  2240 | D:3      | Noticed Crazy Yiuf
  2247 | D:3      | Killed Crazy Yiuf
  2307 | D:4      | Identified the "Osexutrea"
  2366 | D:4      | Noticed an ogre
  2373 | D:4      | Killed an ogre
  2374 | D:4      | Reached skill level 5 in Fighting
  2374 | D:4      | Reached skill level 5 in Axes
  2374 | D:4      | Reached XP level 6. HP: 22/51 MP: 6/6
  2520 | D:4      | Reached XP level 7. HP: 12/56 MP: 7/7
  2678 | D:4      | Found a shimmering altar of Xom.
  2789 | D:4      | Reached skill level 6 in Axes
  3077 | D:4      | Found a basalt altar of Yredelemnul.
  3174 | D:4      | Found a glowing golden altar of the Shining One.
  3388 | D:5      | Entered Level 5 of the Dungeon
  3508 | D:5      | Found Ihetef's Book Emporium.
  3525 | D:5      | Reached skill level 7 in Axes
  3525 | D:5      | Reached XP level 8. HP: 24/64 MP: 8/8
  4502 | D:5      | Reached skill level 8 in Axes
  4590 | D:6      | Noticed a kobold demonologist
  4609 | D:5      | Noticed a ynoxinul
  4610 | D:5      | Killed a kobold demonologist
  4611 | D:5      | Reached XP level 9. HP: 12/72 MP: 9/9
  4811 | D:5      | Reached skill level 9 in Axes
  4822 | D:6      | Noticed a two-headed ogre
  5306 | D:5      | Mangled by a two-headed ogre

Illustrated notes

Levels and vault maps discovered:
D:1:      dpeg_arrival_oval, layout_basic
D:2:      layout_rooms, hellmonk_ecumenical_altar_inner_sanctum,
          minmay_joined_circles, uniq_jessica
D:3:      layout_basic, lemuel_crystal_altar, mainiacjoe_overflow_brackets,
          nicolae_dithmenos_shadow_blocks, serial_shops, shop,
          nicolae_eternal_life, minmay_misc_feat_more_columns,
          uniq_crazy_yiuf_cottage
D:4:      layout_basic, nicolae_tso_swordbearing_angel,
          mainiacjoe_overflow_six_doors_small, minmay_ruined_shrine
D:5:      layout_basic, serial_shops, shop
D:6:      cheibrodos_fzero, layout_basic, kennysheep_slug_shrine,
          minmay_misc_feat_roman, uniq_edmund

Skill      XL: |  1  2  3  4  5  6  7  8  9 |
---------------+----------------------------+-----
Axes           | 3 4 5 7 8 9 |  9.9
Fighting       | 4 5 6 7 8 |  8.3
Armour         | |  3.2
Shields        | |  4.0

Action                     |  1- 3 |  4- 6 |  7- 9 || total
---------------------------+-------+-------+-------++-------
  Melee: War axe           |   110 |   114 |   168 ||   392
  Evoke: Wand              |       |       |     1 ||     1
 Armour: Scale mail        |    70 |    76 |   189 ||   335
  Dodge: Dodged            |    63 |    46 |    88 ||   197
  Block: Buckler           |    33 |    25 |    63 ||   121

Table legend: (Time is in decaauts)
 A = Elapsed time spent in this place.
 B = Non-inter-level travel time spent in this place.
 C = Inter-level travel time spent in this place.
 D = Time resting spent in this place.
 E = Time spent auto-exploring this place.
 F = Levels seen in this place.
 G = Mean time per level.
                   A        B        C        D        E       F      G
               +--------+--------+--------+--------+--------+-----+--------+
         Total |   5416 |   5179 |    237 |    918 |   3096 |   6 |  902.7 |
       Dungeon |   5416 |   5179 |    237 |    918 |   3096 |   6 |  902.7 |
               +--------+--------+--------+--------+--------+-----+--------+

Top non-repeatable levels by time:
     D:5: 1812 daAuts
     D:4: 1103 daAuts
     D:3: 928 daAuts
     D:1: 816 daAuts
     D:2: 628 daAuts
     D:6: 127 daAuts
